 Dungeon Crawl Stone Soup version 0.31.0-11-ge490571c62 (webtiles) character file.

Game seed: 9884119844851792895

104517 wingedge the Arsonist (level 15, 0/118 HPs)
             Began as a Demigod Earth Elementalist on Feb 2, 2024.
             Slain by a tarantella simulacrum (3 damage)
             ... on level 2 of the Lair of Beasts.
             The game lasted 01:35:12 (29461 turns).

wingedge the Arsonist (Demigod Earth Elementalist) Turns: 29461, Time: 01:35:13

Health: 0/118      AC: 12    Str: 13    XL:     15   Next: 45%
Magic:  4/34       EV: 16    Int: 41    God:
Gold:   585        SH:  8    Dex: 13    Spells: 3/34 levels left

rFire   + . .        a - +2 dagger of the Equinox {pain, *Slow rN+++ Int+9 Dex-3}
rCold   + + .        b - +3 warlock's mirror {omnireflect}
rNeg    + + +        L - +3 leather armour {rC+ rF+}
rPois   +            q - +0 mask of the Dragon {Will+ Slay+3 SInv}
rElec   .            r - +0 cloak
rCorr   .            Z - +0 pair of gloves
SInv    +            V - +2 pair of boots
Will    ++...        I - amulet of magic regeneration
Stlth   +++          M - +5 ring of evasion
HPRegen 0.39/turn    e - ring of Builicwi {rPois rC+ Int+3 Dex-2}
MPRegen 0.64/turn

%: slow self (1%), reflection
@: no status effects
A: high MP 1, forlorn, divine attributes
a: no special abilities


You were on level 2 of the Lair of Beasts.
You visited 4 branches of the dungeon, and saw 23 of its levels.
You also visited: Sewer, Ossuary and Ice Cave.

You collected 2480 gold pieces.
You spent 1895 gold pieces at shops.

Inventory:

Hand Weapons
 a - the +2 dagger of the Equinox (weapon) {pain, *Slow rN+++ Int+9 Dex-3}
   (You found it on level 3 of the Dungeon)

   Int+9:     It affects your intelligence (+9).
   Dex-3:     It affects your dexterity (-3).
   rN+++:     It renders you almost immune to negative energy.
   *Slow:     It may slow you when you take damage.
 h - a +0 double sword of holy wrath
 k - a +5 scimitar
Missiles
 p - 8 curare-tipped darts
 E - 2 throwing nets
Armour
 b - the +3 warlock's mirror (worn) {omnireflect}
   (You bought it in a shop on level 2 of the Orcish Mines)

   Omnireflect: It can block and reflect piercing ranged attacks and magical
   attacks against the wielder's willpower.
 q - the +0 mask of the Dragon (worn) {Will+ Slay+3 SInv}
   (You found it in an ice cave)

   Slay+3:    It affects your accuracy & damage with ranged weapons and melee
   (+3).
   Will+:     It increases your willpower.
   SInv:      It lets you see invisible.
 r - a +0 cloak (worn)
 L - a +3 leather armour of resistance (worn)
 V - a +2 pair of boots (worn)
 Z - a +0 pair of gloves (worn)
Magical Staves
 z - a staff of cold
Jewellery
 d - a ring of wizardry
 e - the ring of Builicwi (right hand) {rPois rC+ Int+3 Dex-2}
   (You bought it in a shop on level 1 of the Orcish Mines)

   [ring of poison resistance]

   Int+3:     It affects your intelligence (+3).
   Dex-2:     It affects your dexterity (-2).
   rC+:       It protects you from cold.
   rPois:     It protects you from poison
 w - a ring of willpower
 I - an amulet of magic regeneration (around neck)
 J - a ring of protection from cold
 M - a +5 ring of evasion (left hand)
 P - a ring of wizardry
 Q - an amulet of regeneration
 R - a ring of magical power
 U - a +4 ring of slaying
Wands
 A - a wand of roots (30)
 B - a wand of polymorph (4)
 T - a wand of digging (5)
Scrolls
 f - 6 scrolls of poison
 g - 2 scrolls of revelation
 i - 7 scrolls of teleportation
 m - 4 scrolls of identify
 u - a scroll of fear
 x - 5 scrolls of immolation
 y - 3 scrolls of blinking
 C - a scroll of silence
 D - 3 scrolls of enchant weapon
 F - 4 scrolls of amnesia
 H - 2 scrolls of brand weapon
 O - a scroll of fog
 S - a scroll of enchant armour
Potions
 c - 8 potions of enlightenment
 j - 5 potions of cancellation
 n - 2 potions of heal wounds
 o - 5 potions of curing
 s - a potion of brilliance
 t - 2 potions of haste
 v - 6 potions of ambrosia
 G - a potion of might
 K - 3 potions of lignification
 N - a potion of resistance
 W - a potion of berserk rage {unknown}
Miscellaneous
 l - a phial of floods


   Skills:
 + Level 7.4 Fighting
 - Level 6.0 Armour
 - Level 2.0 Dodging
 - Level 5.0 Stealth
 + Level 3.5 Shields
 + Level 10.3 Spellcasting
 + Level 10.1 Conjurations
 - Level 7.0 Necromancy
 + Level 11.4 Fire Magic
 - Level 6.0 Ice Magic
 + Level 11.3 Air Magic
 + Level 6.8 Earth Magic
 - Level 3.0 Evocations


You had 3 spell levels left.
You knew the following spells:

 Your Spells              Type           Power      Damage    Failure   Level
b - Stone Arrow           Conj/Erth      100%       3d13      1%          3
c - Ozocubu's Armour      Ice            63%        N/A       1%          3
d - Starburst             Conj/Fire      41%        6d12      4%          6
f - Freezing Cloud        Conj/Ice/Air   38%        6-21      1%          5
h - Bombard               Conj/Erth      37%        9d6       13%         6
i - Sublimation of Blood  Necr           68%        N/A       1%          2
j - Plasma Beam           Fire/Air       42%        2x1d56    3%          6

Your spell library contained the following spells:

 Spells                   Type           Power      Damage    Failure   Level
 Foxfire                  Conj/Fire      100%       2x1d9     1%          1
 Kiss of Death            Conj/Necr      100%       2d13      1%          1
 Necrotise                Necr           100%       1d9       1%          1
 Sandblast                Erth           100%       2d20      1%          1
 Sting                    Conj/Alch      100%       1d9       1%          1
 Mercury Vapours          Alch/Air       100%       N/A       1%          2
 Frozen Ramparts          Ice            100%       1d16      1%          3
 Hailstorm                Conj/Ice       72%        3d13      1%          3
 Passwall                 Erth           67%        N/A       1%          3
 Vampiric Draining        Necr           68%        2d10      1%          3
 Volatile Blastmotes      Fire/Tloc      100%       2d18      1%          3
 Summon Ice Beast         Ice/Summ       45%        N/A       2%          3
 Call Imp                 Summ           42%        N/A       4%          2
 Lesser Beckoning         Tloc           42%        N/A       4%          2
 Confusing Touch          Hex            21%        N/A       8%          3
 Gell's Gravitas          Tloc           21%        N/A       8%          3
 Teleport Other           Tloc           21%        N/A       8%          3
 Tukima's Dance           Hex            21%        N/A       8%          3
 Animate Dead             Necr           68%        N/A       1%          4
 Brom's Barrelling Bould  Conj/Erth      74%        2d9       1%          4
 Dispel Undead            Necr           68%        3d23      1%          4
 Iskenderun's Battlesphe  Conj           81%        2d13      1%          5
 Fulminant Prism          Conj/Alch      29%        3d13      3%          4
 Iskenderun's Mystic Bla  Conj/Tloc      58%        2d12      3%          4
 Borgnjor's Vile Clutch   Necr/Erth      33%        N/A       4%          5
 Curse of Agony           Necr           68%        N/A       4%          5
 Leda's Liquefaction      Alch/Erth      24%        N/A       6%          4
 Martyr's Knell           Necr/Summ      49%        N/A       6%          4
 Petrify                  Alch/Erth      49%        N/A       6%          4
 Metabolic Englaciation   Hex/Ice        22%        N/A       22%         5
 Death Channel            Necr           34%        N/A       22%         6
 Dimensional Bullseye     Hex/Tloc       10%        N/A       26%         4
 Olgreb's Toxic Radiance  Alch           21%        N/A       26%         4
 Sculpt Simulacrum        Ice/Alch       22%        N/A       75%         6
 Spellforged Servitor     Conj/Summ      29%        N/A       96%         7
 Summon Hydra             Summ           10%        N/A       100%        7


Dungeon Overview and Level Annotations

Branches:
Dungeon (15/15)            Temple (0/1) D:4            Lair (5/5) D:9
  Swamp (0/4) Lair:2       Spider (1/4) Lair:2        Slime (0/5) Lair:5
    Orc (2/2) D:10            Elf (0/3) Orc:2        Vaults (0/5) D:14
 Depths (0/4) D:15          Sewer (visited)         Ossuary (visited)
  IceCv (visited)

Shops:
D:4 [   D:6 *   D:9 ?:   Orc:1 ?*[==   Orc:2 (?[=

Portals:
Abyss: Lair:5

Annotations:
D:11 need flight
D:15 2 transporters, Qioc Jyh's ghost, journeyman DsSh


Innate Abilities, Weirdness & Mutations

You have an increased reservoir of magic. (+10% MP)
You shall have no god before yourself.
Your divine heritage dramatically boosts your attributes as you level up.


Message History

The tarantella simulacrum is heavily damaged.
You hear a sizzling sound!
You block the culicivora simulacrum's attack.
You hit the tarantella simulacrum.
The tarantella simulacrum is heavily damaged.
The culicivora simulacrum bites you but does no damage.
The tarantella simulacrum hits you! The tarantella simulacrum freezes you!
You resist.
You block the culicivora simulacrum's attack.
You hit the tarantella simulacrum.
The tarantella simulacrum is almost destroyed.
The tarantella simulacrum hits you!
* * * LOW HITPOINT WARNING * * *
The tarantella simulacrum freezes you. You resist.
* * * LOW HITPOINT WARNING * * *
You block the culicivora simulacrum's attack.
The tarantella simulacrum closely misses you.
Casting: Plasma Beam (dangerous; 3% risk of failure)
Confirm with . or Enter, or press ? or * to list all spells.
You draw magical energy from your own body!
The culicivora simulacrum bites you.
* * * LOW HITPOINT WARNING * * *
The culicivora simulacrum freezes you. You resist.
* * * LOW HITPOINT WARNING * * *
The tarantella simulacrum hits you!
* * * LOW HITPOINT WARNING * * *
The tarantella simulacrum freezes you. You resist.
* * * LOW HITPOINT WARNING * * *
Casting: Sublimation of Blood (safe; 1% risk of failure)
Confirm with . or Enter, or press ? or * to list all spells.
Casting: Starburst (dangerous; 4% risk of failure)
Press: ? - help, Dir - look around, f - activate The bolt of fire misses the tarantella simulacrum.
You hear a sizzling sound!
The bolt of fire hits the culicivora simulacrum!!!!
The culicivora simulacrum melts!
The culicivora simulacrum vaporises!
You hear a sizzling sound!
The tarantella simulacrum hits you.
You die...

####.....#.....?.........
##.##.........####..#.....
###.#...#.......# #...###..
###P....#.......#.# #...#....
#P#...##...§..###.## ##.<.....
#.......#..§§§..#..## #P......
##.#.#......§§.......###.......
#....#......§.Z..#...##P.#..#..
##.#..[###....@###..###...####.
####....#...#.....P.....#..#..
##...#.......................
#.#........#...#.....#..#.#..
#####P..P......#...##..P.#..#
##...............#....###
#P.#...#....##..#.#..[#.
###.#.#......##.%..#.#..
##.......#...##.......


You could see a tarantella simulacrum.

Vanquished Creatures
  Mlioglotl (Spider:1)
  Gastronok (Orc:1)
  2 orc warlords
  Josephine (Lair:5)
  An entropy weaver (Lair:2)
  Snorg (Orc:1)
  An entropy weaver (shapeshifter) (D:14)
  Erolcha (Orc:2)
  5 hydras
  2 ogre magi (Orc:2)
  A rakshasa (D:15)
  2 ironbound frosthearts (IceCv)
  A catoblepas (D:14)
  A centaur warrior (D:15)
  A death knight (D:15)
  5 boulder beetles
  3 tengu warriors
  4 two-headed ogres
  A deep troll earth mage (D:15)
  3 death yaks
  4 thrashing horrors (Lair:5)
  Sonja (Orc:1)
  2 demonic crawlers
  Nergalle (D:12)
  Amaemon (Lair:3)
  A skyshark (Lair:4)
  A skeletal warrior (D:15)
  3 pharaoh ants
  A flayed ghost (D:15)
  2 orb spiders (Spider:1)
  3 orc knights
  A phantasmal warrior (D:15)
  4 deep elf pyromancers
  A lindwurm (D:14)
  3 wolf spiders
  A manticore (D:14)
  2 cyclopes
  9 orc sorcerers
  4 ugly things
  A large abomination (Lair:5)
  An ice statue (IceCv)
  10 elephants
  2 kobold blastminers (Orc:2)
  A gargoyle (D:13)
  An orange demon (Lair:3)
  2 torpor snails (Lair:5)
  A black mamba (Lair:1)
  4 unseen horrors
  10 cane toads
  2 freezing wraiths
  5 rime drakes
  7 komodo dragons
  2 tengu conjurers (D:15)
  A tyrant leech (Lair:2)
  19 polar bears
  A queen bee (Lair:1)
  A troll (shapeshifter) (Lair:5)
  A hornet (D:15)
  9 trolls
  4 tarantellas
  23 blink frogs
  Grinder (D:4)
  Prince Ribbit (Lair:3)
  6 dream sheep (Lair:3)
  2 raiju (Lair:5)
  6 slime creatures (D:14)
  4 culicivoras
  5 jumping spiders
  2 wyverns
  A spriggan (shapeshifter) (D:15)
  A spriggan (Lair:5)
  A shadow (D:10)
  3 ynoxinuls (Lair:5)
  7 wraiths
  71 yaks
  7 basilisks
  A golden eye (shapeshifter) (D:15)
  5 wargs
  A chaos spawn (Lair:5)
  A redback (Spider:1)
  8 vampire mosquitoes
  2 swamp worms (Lair:2)
  9 small abominations (Lair:5)
  An acid dragon (D:10)
  13 water moccasins
  An acid dragon (shapeshifter) (Lair:5)
  2 sky beasts (D:7)
  Pargi (Sewer)
  5 black bears
  14 orc warriors
  A meliai simulacrum (D:14)
  12 ogres
  32 wolves
  13 centaurs
  4 phantoms
  5 kobold brigands
  11 bullfrogs
  8 scorpions
  16 wights
  A burial acolyte (Ossuary)
  31 killer bees
  2 electric eels
  5 howler monkeys
  6 orc priests
  2 bombardier beetles
  2 hounds
  4 jellies
  3 sleepcaps
  6 iguanas
  Natasha (thrice) (D:3)
  25 orc wizards
  6 ogre zombies (D:10)
  A mummy (Ossuary)
  A hound zombie (D:3)
  4 gnolls (D:3)
  14 adders
  A white imp (D:7)
  4 ufetubi
  2 adder zombies (D:3)
  An adder skeleton (D:3)
  2 ribbon worms
  3 dart slugs
  44 orcs
  7 ball pythons
  10 endoplasms
  2 giant cockroaches
  3 gnoll zombies (D:10)
  8 hobgoblins
  7 jackals
  20 kobolds
  2 quokkas
  A ball python skeleton (D:3)
  A ball python zombie (D:3)
  9 bats
  8 frilled lizards
  16 gnoll skeletons
  3 goblins
  3 kobold skeletons (Ossuary)
  7 orc skeletons
  10 orc zombies (D:10)
  5 rats (D:1)
770 creatures vanquished.

Notes
Turn   | Place    | Note
-------+----------+-------------------------------------------
     0 | D:1      | wingedge the Demigod Earth Elementalist began the quest for
                  | the Orb.
     0 | D:1      | Reached XP level 1. HP: 14/14 MP: 5/5
   262 | D:1      | Reached XP level 2. HP: 20/20 MP: 5/7
   776 | D:1      | Reached XP level 3. HP: 26/26 MP: 5/8
   822 | D:1      | Learned a level 3 spell: Stone Arrow
  2182 | D:3      | Reached skill level 1 in Conjurations
  2315 | D:3      | Reached XP level 4. HP: 34/34 MP: 4/10
  2978 | D:3      | Noticed Natasha
  2987 | D:3      | Killed Natasha
  2991 | D:3      | Reached skill level 1 in Fighting
  3123 | D:3      | Identified the +2 dagger of the Equinox {pain, *Slow rN+++
                  | Int+9 Dex-3}
  3144 | D:3      | Noticed Natasha
  3149 | D:3      | Killed Natasha
  3150 | D:3      | Reached skill level 1 in Armour
  3150 | D:3      | Reached XP level 5. HP: 34/40 MP: 3/11
  3162 | D:3      | Noticed Natasha
  3168 | D:3      | Killed Natasha
  3445 | D:4      | Found a staircase to the Ecumenical Temple.
  3455 | D:4      | Found a glowing drain.
  3621 | Sewer    | Entered a sewer
  3666 | Sewer    | Noticed Pargi
  3670 | Sewer    | Killed Pargi
  3671 | Sewer    | Reached XP level 6. HP: 39/47 MP: 7/13
  3824 | Sewer    | Reached skill level 5 in Earth Magic
  3972 | D:4      | Identified the -1 pair of boots of the Mertaur {+Blink}
  4073 | D:4      | Found Idoabboh's Antique Armour Emporium.
  4078 | D:4      | Learned a level 2 spell: Sublimation of Blood
  4204 | D:4      | Reached skill level 1 in Necromancy
  4204 | D:4      | Reached XP level 7. HP: 52/52 MP: 7/14
  4302 | D:4      | Noticed Grinder
  4304 | D:4      | Paralysed by Grinder for 2 turns
  4307 | D:4      | Killed Grinder
  4507 | D:5      | Entered Level 5 of the Dungeon
  4570 | D:5      | Reached skill level 1 in Evocations
  4944 | D:5      | Reached skill level 5 in Conjurations
  4944 | D:5      | Reached XP level 8. HP: 55/60 MP: 1/15
  5366 | D:5      | Reached skill level 1 in Fire Magic
  5483 | D:5      | Reached skill level 1 in Air Magic
  6448 | D:6      | Found Uddeph's Assorted Antiques.
  6516 | D:6      | Bought a scroll of identify for 60 gold pieces
  6516 | D:6      | Bought a cloak for 135 gold pieces
  6516 | D:6      | Bought a scroll of identify for 60 gold pieces
  6756 | D:6      | Reached XP level 9. HP: 69/69 MP: 12/18
  6936 | D:7      | Got the Vellum of Violent Unhallowed Arts
  7045 | D:7      | Reached skill level 5 in Stealth
  7303 | D:7      | Found a sand-covered staircase.
  7312 | Ossuary  | Entered an ossuary
  7445 | Ossuary  | Learned a level 3 spell: Ozocubu's Armour
  8284 | D:8      | Learned a level 5 spell: Freezing Cloud
  8330 | D:8      | You fall into a shaft and drop 2 floors!
  8330 | D:10     | Entered Level 10 of the Dungeon
  8345 | D:10     | Reached skill level 1 in Ice Magic
  8510 | D:9      | Found Jomawn's Book Emporium.
  8512 | D:9      | Found Feaniblo's Magic Scroll Boutique.
  8531 | D:9      | Bought a scroll of identify for 26 gold pieces
  8531 | D:9      | Bought a scroll of identify for 26 gold pieces
  8531 | D:9      | Bought a scroll of identify for 26 gold pieces
  8531 | D:9      | Bought a scroll of noise for 13 gold pieces
  8623 | D:9      | Reached skill level 5 in Spellcasting
  8634 | D:9      | Reached XP level 10. HP: 33/78 MP: 15/21
  8901 | D:9      | Noticed an elephant
  9764 | D:8      | Noticed a two-headed ogre
  9768 | D:8      | Killed a two-headed ogre
  9925 | D:9      | Found a staircase to the Lair.
 10334 | D:10     | Reached skill level 5 in Air Magic
 10591 | D:10     | Noticed a two-headed ogre
 10655 | D:10     | Found a staircase to the Orcish Mines.
 11132 | D:10     | Killed a two-headed ogre
 11176 | D:10     | Reached XP level 11. HP: 85/85 MP: 15/24
 11460 | D:11     | Noticed a deep elf pyromancer
 11462 | D:11     | Killed a deep elf pyromancer
 11462 | D:11     | Noticed a boulder beetle
 11492 | D:11     | Killed a boulder beetle
 11676 | D:11     | Noticed a boulder beetle
 11680 | D:11     | Killed a boulder beetle
 11720 | D:11     | Noticed a boulder beetle
 11729 | D:11     | Killed a boulder beetle
 11730 | D:11     | Reached skill level 5 in Fighting
 11730 | D:11     | Reached skill level 5 in Fire Magic
 11877 | D:11     | Reached skill level 5 in Ice Magic
 12000 | D:11     | Identified the +8 glaive of Kelell {freeze, ^Contam rF+
                  | Dex+2}
 12091 | D:11     | Learned a level 6 spell: Plasma Beam
 12401 | Lair:1   | Entered Level 1 of the Lair of Beasts
 12671 | Lair:1   | Reached skill level 5 in Necromancy
 14092 | Lair:2   | Noticed a four-headed hydra
 14099 | Lair:2   | Killed a four-headed hydra
 14158 | Lair:2   | Reached XP level 12. HP: 94/94 MP: 19/25
 14219 | Lair:2   | You fall into a shaft and drop 1 floor!
 14659 | Lair:3   | Noticed Amaemon
 14664 | Lair:3   | Killed Amaemon
 14747 | Lair:3   | Noticed Prince Ribbit
 14753 | Lair:3   | Killed Prince Ribbit
 15243 | Lair:2   | Found a hole to the Spider Nest.
 15951 | Lair:2   | Noticed a four-headed hydra
 15957 | Lair:2   | Killed a four-headed hydra
 15989 | Lair:2   | Found a staircase to the Swamp.
 16102 | Lair:2   | Learned a level 6 spell: Starburst
 16674 | Lair:4   | Reached XP level 13. HP: 77/100 MP: 29/29
 16772 | Lair:4   | Found a frozen archway.
 16781 | IceCv    | Entered an ice cave
 17302 | IceCv    | Found the +0 mask of the Dragon {Will+ Slay+3 SInv}
 18048 | IceCv    | Reached skill level 5 in Armour
 19154 | Lair:4   | Identified the maw talisman of the Robin {Dex+6}
 19377 | Lair:5   | Entered Level 5 of the Lair of Beasts
 19481 | Lair:5   | Noticed Josephine
 19486 | Lair:5   | Killed Josephine
 19616 | Lair:5   | Reached skill level 10 in Fire Magic
 19616 | Lair:5   | Reached skill level 10 in Air Magic
 20014 | Lair:5   | Reached XP level 14. HP: 107/107 MP: 10/31
 20834 | Lair:5   | Found a one-way gate to the infinite horrors of the Abyss.
 21496 | Lair:5   | Found a staircase to the Slime Pits.
 21939 | Orc:1    | Entered Level 1 of the Orcish Mines
 21939 | Orc:1    | Found Liho's Magic Scroll Boutique.
 21943 | Orc:1    | Noticed Snorg
 21946 | Orc:1    | Killed Snorg
 22278 | Orc:1    | Found Pefip's Antique Armour Shoppe.
 22282 | Orc:1    | Found Faatism's Jewellery Emporium.
 22305 | Orc:1    | Bought the ring of Builicwi {rPois rC+ Int+3 Dex-2} for 469
                  | gold pieces
 22346 | Orc:1    | Found Carann's Assorted Antiques.
 22468 | Orc:2    | Entered Level 2 of the Orcish Mines
 22633 | Orc:2    | Learned a level 6 spell: Bombard
 23025 | Orc:1    | Noticed Gastronok
 23026 | Orc:1    | Noticed Sonja
 23031 | Orc:1    | Killed Sonja
 23040 | Orc:1    | Killed Gastronok
 23176 | Orc:1    | Noticed an orc warlord
 23181 | Orc:1    | Killed an orc warlord
 23345 | Orc:1    | Found Goitasus's Jewellery Shop.
 23466 | Orc:2    | Found a staircase to the Elven Halls.
 23711 | Orc:2    | Found Wuat's Magic Scroll Shop.
 23762 | Orc:2    | Noticed Erolcha
 23764 | Orc:2    | Killed Erolcha
 23775 | Orc:2    | Found Niut's Jewellery Shop.
 23847 | Orc:2    | Found Qeinuuq's Antique Weapon Boutique.
 24004 | Orc:2    | Found Diubboc's Antique Armour Boutique.
 24079 | Orc:2    | Bought the +3 warlock's mirror {omnireflect} for 1080 gold
                  | pieces
 24079 | Orc:2    | Found the +3 warlock's mirror {omnireflect}
 24278 | Orc:2    | Noticed an orc warlord
 24282 | Orc:2    | Killed an orc warlord
 24814 | D:12     | Noticed Nergalle
 24819 | D:12     | Killed Nergalle
 25218 | D:12     | Reached skill level 1 in Shields
 26541 | D:14     | Reached skill level 10 in Spellcasting
 26548 | D:14     | Reached XP level 15. HP: 79/117 MP: 21/33
 27151 | D:14     | Found a gate to the Vaults.
 27282 | D:15     | Entered Level 15 of the Dungeon
 27876 | D:15     | Noticed Qioc Jyh's ghost (journeyman DsSh)
 27909 | D:15     | Found a transporter.
 28053 | D:15     | Found a transporter.
 28206 | D:15     | Found a staircase to the Depths.
 28814 | Spider:1 | Entered Level 1 of the Spider Nest
 28860 | Spider:1 | Reached skill level 10 in Conjurations
 29258 | Spider:1 | Noticed Mlioglotl
 29449 | Spider:1 | Killed Mlioglotl
 29460 | Lair:2   | HP: 5/118 [tarantella simulacrum (10)]
 29460 | Lair:2   | HP: 2/118 [tarantella simulacrum (3)]
 29461 | Lair:2   | Slain by a tarantella simulacrum

Illustrated notes

Levels and vault maps discovered:
D:1:      shiori_arrival_elements, layout_basic,
          hellmonk_ecumenical_altar_pennies_from_heaven, minmay_3d_cube
D:2:      layout_loops_corners, chequers_serial_rivers_micro_d, minivault_4,
          grunt_ministairs_15
D:3:      layout_basic, moated_statue, dilly_guarded_unrand_morg
D:4:      layout_rooms, temple_fountains, serial_shops, shop,
          cheibrodos_sewer_entry_drain, uniq_grinder
D:5:      layout_loops_ring
D:6:      minmay_octagon_keep, layout_cave_pools, nicolae_sif_muna_condensation,
          serial_shops, nicolae_inconvenience_store, nicolae_half_adder
D:7:      layout_gridville, nicolae_ossuary_entry_monument, minmay_circle_x
D:8:      layout_loops_ring
D:9:      layout_gridville, david_lair_generic, st_stairs_14, minivault_14,
          minmay_holes, nicolae_wooded_promenade, lemuel_flamethrower_2
D:10:     layout_irregular_city, zombieorc1_lemuel, chequers_hall_statues_wall_a
D:11:     layout_roguey, water_maze_lemuel
D:12:     layout_roguey, kennysheep_generic_room_15, uniq_nergalle
D:13:     layout_long_grid
D:14:     layout_rooms, david_vaults_4, okawaru_metal_pillars_3,
          serial_park_tiny_2, kennysheep_small_square
D:15:     hellmonk_depths_entry_around_the_bend, layout_layer_cave,
          gammafunk_ghost_wrathful_warriors, nicolae_ashenzari_skybound,
          minmay_stone_trees_medium, glass_columns_b,
          nicolae_hepliaklqana_hazy_memory
Lair:1:   layout_roguey, special_room [special_room_bee]
Lair:2:   layout_misc_corridors, palyth_hydra_swamp_entry,
          nicolae_spider_entry_lesser_pyramids
Lair:3:   layout_cellular_growth, ldierk_geyser, minmay_hedge_maze,
          chequers_serial_rivers_micro_a, uniq_prince_ribbit2, uniq_amaemon
Lair:4:   layout_regular_city, portal_ice_cave_entry_pillars_2,
          hibernation_bobbens
Lair:5:   hellmonk_lair_end_abyssal_woods, layout_long_grid, slime_entry_1,
          grunt_megastairs_1, infiniplex_staircase_pool, uniq_josephine
Spider:1: layout_spider_delve, uniq_mlioglotl
Orc:1:    layout_caves, serial_shops, shop,
          nicolae_shop_temple_entry_statues_fountains,
          nicolae_shop_advertising_works [nicolae_subvault_shop_adworks],
          nicolae_lakefront_shop, nicolae_shop_tiny_glass, uniq_sonja,
          uniq_snorg, uniq_gastronok
Orc:2:    kennysheep_orc_mage_school, layout_diamond_mine

Skill      XL: |  1  2  3  4  5  6  7  8  9 10 11 12 13 14 15 |
---------------+----------------------------------------------+-----
Earth Magic    | 3 4 5 6 |  6.8
Spellcasting   | 2 3 4 5 6 7 9 10 | 10.3
Conjurations   | 1 2 3 5 6 7 8 9 10 | 10.1
Stealth        | 2 3 4 5 |  5.0
Dodging        | 2 |  2.0
Fighting       | 1 3 4 5 6 7 |  7.4
Armour         | 1 2 4 6 |  6.0
Necromancy     | 1 3 6 7 |  7.0
Evocations     | 2 3 |  3.0
Fire Magic     | 2 4 7 8 10 11 | 11.4
Air Magic      | 2 3 5 7 9 10 11 | 11.3
Ice Magic      | 2 4 5 6 |  6.0
Shields        | 2 3 |  3.5

Action                     |  1- 3 |  4- 6 |  7- 9 | 10-12 | 13-15 || total
---------------------------+-------+-------+-------+-------+-------++-------
  Melee: Hand axe          |     4 |       |       |       |       ||     4
         Dagger            |       |       |     5 |    15 |    15 ||    35
         Long sword        |       |       |    12 |       |       ||    12
         Double sword      |       |       |     5 |    11 |     1 ||    17
         Scimitar          |       |       |     2 |       |    20 ||    22
  Throw: Dart              |       |       |       |     3 |     1 ||     4
   Cast: Sandblast         |    78 |    81 |    35 |     1 |       ||   195
         Stone Arrow       |       |     9 |   161 |   234 |   320 ||   724
         Sublimation of Bl |       |       |     8 |     8 |    89 ||   105
         Ozocubu's Armour  |       |       |     4 |     7 |     2 ||    13
         Freezing Cloud    |       |       |       |    76 |    46 ||   122
         Plasma Beam       |       |       |       |    26 |   223 ||   249
         Starburst         |       |       |       |     1 |     6 ||     7
         Bombard           |       |       |       |       |     9 ||     9
Ability: Evoke Blink       |       |       |       |     1 |       ||     1
  Evoke: Wand              |       |       |       |       |     3 ||     3
    Use: Scroll            |       |     1 |    16 |     3 |     7 ||    27
         Potion            |       |       |     5 |       |     8 ||    13
 Armour: Leather armour    |     8 |    34 |    95 |    97 |   260 ||   494
         Robe              |     1 |       |       |       |       ||     1
  Dodge: Dodged            |    18 |    26 |    77 |    78 |   181 ||   380
  Block: Buckler           |       |       |       |       |    52 ||    52
         Reflection        |       |       |       |       |     4 ||     4
